 Seeded DCSS version 0.30-a0-457-g4b7bca3bfa (webtiles) character file.

Game seed: 9653979536821995196 (custom seed)

74 purpskrrrp the Conjurer (level 4, -4/23 HPs)
             Began as a Vine Stalker Reaver on Dec 13, 2022.
             Killed by divine providence
             ... invoked by an orc priest
              (9 damage)
             ... on level 3 of the Dungeon.
             The game lasted 00:03:00 (1734 turns).

purpskrrrp the Conjurer (Vine Stalker Reaver)       Turns: 1734, Time: 00:03:00

Health: -4/23      AC:  4    Str: 15    XL:     4   Next: 28%
Magic:  0/18       EV: 11    Int: 15    God:
Gold:   110        SH:  0    Dex: 14    Spells: 7/8 levels left

rFire   . . .      SeeInvis .    a - +0 short sword
rCold   x . .      Faith    .    (no shield)
rNeg    . . .      Spirit   +    b - +0 leather armour
rPois   .          Reflect  .    k - +1 hat of Weightlessness {rC- Will+ MP+9 Int+2}
rElec   .          Harm     .    (no cloak)
rCorr   .          Rampage  .    (no gloves)
Will    +....                    (no boots)
Stlth   ++........               (no amulet)
HPRegen 1.03/turn                (no ring)
MPRegen 0.16/turn                (no ring)

@: very slightly contaminated
A: fangs 2, regeneration 1, magic shield, antimagic bite, no potion heal 2
a: no special abilities


You were on level 3 of the Dungeon.
You visited 1 branch of the dungeon, and saw 3 of its levels.

You collected 110 gold pieces.

Inventory:

Hand Weapons
 a - a +0 short sword (weapon)
Armour
 b - a +0 leather armour (worn)
 k - the +1 hat of Weightlessness (worn) {rC- Will+ MP+9 Int+2}
   (You acquired it on level 1 of the Dungeon)

   Int:       It affects your intelligence (+2).
   rC:        It makes you vulnerable to cold.
   MP:        It affects your magic capacity (+9).
   Will:      It increases your willpower.
Jewellery
 n - a +4 ring of evasion
Scrolls
 c - a scroll of teleportation {unknown}
 d - a scroll of noise {unknown}
 g - 2 scrolls of enchant weapon {unknown}
 h - 2 scrolls of identify {unknown}
 i - a scroll of fear {unknown}
 o - a scroll of acquirement
 q - a scroll of vulnerability {unknown}
Potions
 e - 2 potions of heal wounds
 f - a potion of curing {unknown}
 j - a potion of might {unknown}
 l - a potion of degeneration {unknown}
 m - 2 potions of invisibility {unknown}
 p - a potion of flight {unknown}


   Skills:
 - Level 1.7 Fighting
 + Level 3.1 Short Blades
 - Level 1.5 Dodging
 * Level 2.8 Stealth
 + Level 0.9 Unarmed Combat
 + Level 2.7 Spellcasting
 + Level 3.4 Conjurations


You had 7 spell levels left.
You knew the following spells:

 Your Spells              Type           Power      Damage    Failure   Level
a - Kiss of Death         Conj/Necr      28%        2d7       13%         1

Your spell library contained the following spells:

 Spells                   Type           Power      Damage    Failure   Level
 Momentum Strike          Conj/Tloc      14%        3d8       19%         2
 Hailstorm                Conj/Ice       7%         3d4       36%         3
 Portal Projectile        Hex/Tloc       4%         N/A       58%         3
 Tukima's Dance           Hex            2%         N/A       58%         3
 Anguish                  Hex/Necr       1%         N/A       94%         4
 Passage of Golubria      Tloc           2%         N/A       94%         4
 Blade Hands              Tmut           1%         N/A       100%        5
 Yara's Violent Unravell  Hex/Tmut       1%         3d3       100%        5
 Enfeeble                 Hex            1%         N/A       100%        7


Dungeon Overview and Level Annotations

Branches:
Dungeon (3/15)

Altars:
Xom

Shops:
D:3 *


Innate Abilities, Weirdness & Mutations

You have extremely sharp teeth.
Your natural rate of healing is unusually fast.
When hurt, damage is shared between your health and your magic reserves.
Your bite disrupts and absorbs the magic of your enemies.
Potions cannot restore your health.


Message History

You hear some strange, mumbled words.
A magic dart appears from out of thin air!
The magic dart hits you.
You hit something.
You hear some strange, mumbled words.
A magic dart appears from out of thin air!
The magic dart hits you!
You closely miss something. You bite something. Something hits you.
You closely miss something. Your bite misses something.
Something hits you but does no damage.
You barely miss something. Your bite misses something.
Something hits you but does no damage.
You barely miss something. You hit something but do no damage.
Your bite misses something.
The orc priest looks satisfied for a moment.
You hear some strange, mumbled words.
A magic dart appears from out of thin air!
The magic dart hits you.
You barely miss something. You bite something. You drain its magic.
You feel invigorated. Something hits you.
Casting: Kiss of Death (safe; 13% risk of failure)
Confirm with . or Enter, or press ? or * to list all spells.
You can't see any susceptible monsters within range! (Use Z to cast anyway.)
You miss something.
The orc priest mumbles some strange prayers to Beogh against you.
Beogh smites you!
* * * LOW HITPOINT WARNING * * *
Something hits you.
* * * LOW HITPOINT WARNING * * *
Casting: Kiss of Death (safe; 13% risk of failure)
Confirm with . or Enter, or press ? or * to list all spells.
Aiming: Kiss of Death (safe; 13% risk of failure)
Press: ? - help, Shift-Dir - straight line You miscast Kiss of Death.
You are very lightly contaminated with residual magic.
Nothing appears to happen.
Something hits you but does no damage.
You hit something but do no damage. Your bite misses something.
The orc priest mumbles some strange prayers to Beogh against you.
Beogh smites you!
You die...

####....!..#.#
............
#........#
#........#
#...))...# ######
#.##oo# ...>.#
#.##o## #.# #.##{#
#.# ###<##@#
####∩# #......#
.....######.#.#..#
###...>.......#..#
..##.######.###..#
.................#
.....#############
..#### ..#


You could see an orc priest and 2 orcs.

Vanquished Creatures
  2 adders (D:2)
  A dart slug (D:1)
  An orc (D:3)
  6 ball pythons
  6 endoplasms
  5 giant cockroaches
  6 goblins
  2 hobgoblins (D:2)
  2 quokkas (D:1)
  8 bats
  2 frilled lizards (D:1)
  4 kobolds
45 creatures vanquished.

Vanquished Creatures (others)
  2 plants (D:2)
2 creatures vanquished.

Grand Total: 47 creatures vanquished

Notes
Turn   | Place    | Note
-------+----------+-------------------------------------------
     0 | D:1      | purpskrrrp the Vine Stalker Reaver began the quest for the
                  | Orb.
     0 | D:1      | Reached XP level 1. HP: 11/11 MP: 4/4
   165 | D:1      | Reached skill level 1 in Stealth
   165 | D:1      | Reached XP level 2. HP: 8/15 MP: 6/6
   596 | D:1      | Reached XP level 3. HP: 18/18 MP: 7/7
   759 | D:1      | Identified a scroll of acquirement
   759 | D:1      | Acquired the +1 hat of Weightlessness {rC- Will+ MP+9
                  | Int+2}
   998 | D:2      | Identified the +10 trident "Isut Mok" {vorpal, Str+4
                  | Stlth+}
  1120 | D:2      | Gained mutation: Your natural rate of healing is unusually
                  | fast. [Vine Stalker growth]
  1120 | D:2      | Reached XP level 4. HP: 23/23 MP: 9/9
  1621 | D:3      | Found a shimmering altar of Xom.
  1623 | D:3      | Found a shimmering altar of Xom.
  1641 | D:3      | Found a shimmering altar of Xom.
  1642 | D:3      | Found a shimmering altar of Xom.
  1642 | D:3      | Found a shimmering altar of Xom.
  1643 | D:3      | Found a shimmering altar of Xom.
  1655 | D:3      | Found Gepsocir's Assorted Antiques.
  1734 | D:3      | Killed from afar by an orc priest

Illustrated notes

Levels and vault maps discovered:
D:1:      lemuel_arrival_lava_pool, layout_basic
D:2:      cheibrodos_old_hovel, layout_loops_ring
D:3:      kennysheep_the_goblin_king, layout_loops_ring, xom_redecorated,
          nicolae_qazlal_general_emergency, serial_shops, shop,
          kennysheep_flooded_box

Skill      XL: |  1  2  3 |
---------------+----------+-----
Stealth        | 1 2 |  2.8
Short Blades   | 3 |  3.1
Fighting       | |  1.7
Dodging        | |  1.5
Unarmed Combat | |  0.9
Spellcasting   | |  2.7
Conjurations   | |  3.4

Action                   |  1- 3 |  4- 6 || total
-------------------------+-------+-------++-------
Melee: Short sword       |   125 |    60 ||   185
       Bite              |    35 |     7 ||    42
       Punch             |     2 |     1 ||     3
  Use: Scroll            |     1 |       ||     1
       Potion            |       |     1 ||     1
 Stab: Sleeping          |     1 |     4 ||     5
       Distracted        |       |     1 ||     1
Armor: Leather armour    |    40 |    20 ||    60
Dodge: Dodged            |    97 |    16 ||   113

Table legend: (Time is in decaauts)
 A = Elapsed time spent in this place.
 B = Non-inter-level travel time spent in this place.
 C = Inter-level travel time spent in this place.
 D = Time resting spent in this place.
 E = Time spent auto-exploring this place.
 F = Levels seen in this place.
 G = Mean time per level.
                   A        B        C        D        E       F      G
               +--------+--------+--------+--------+--------+-----+--------+
         Total |   1706 |   1610 |     96 |      0 |   1273 |   3 |  568.7 |
       Dungeon |   1706 |   1610 |     96 |      0 |   1273 |   3 |  568.7 |
               +--------+--------+--------+--------+--------+-----+--------+

Top non-repeatable levels by time:
     D:1: 853 daAuts
     D:2: 739 daAuts
     D:3: 114 daAuts
